 Dungeon Crawl Stone Soup version 0.22-a0-580-gd5db89c09a (webtiles) character file.

4014 Kholdaimon the Carver (level 10, -6/70 HPs)
             Began as a Merfolk Gladiator on July 3, 2018.
             Was an Elder of Okawaru.
             Mangled by a yak (8 damage)
             ... on level 9 of the Dungeon.
             The game lasted 00:35:17 (7609 turns).

Kholdaimon the Carver (Merfolk Gladiator)           Turns: 7609, Time: 00:35:18

Health: -6/70      AC: 11    Str: 15      XL:     10   Next: 23%
Magic:  10/10      EV: 19    Int: 10      God:    Okawaru [****..]
Gold:   532        SH:  0    Dex: 15 (16) Spells: 9/9 levels left

rFire    . . .     SeeInvis .   r - +2 long sword (holy)
rCold    . . .     Gourm    .   (no shield)
rNeg     . . .     Faith    .   C - +3 leather armour
rPois    .         Spirit   .   o - +2 hat
rElec    .         Reflect  .   n - +2 cloak
rCorr    .         Harm     .   (no gloves)
MR       .....                  (no boots)
Stlth    +.........             (no amulet)
HPRegen  0.21/turn              (no ring)
MPRegen  0.12/turn              (no ring)

@: hasted, very quick
A: change form in water, swift swim, stealthy swim
a: Heroism, Renounce Religion


You were on level 9 of the Dungeon.
You worshipped Okawaru.
Okawaru was greatly pleased with you.
You were not hungry.

You visited 1 branch of the dungeon, and saw 9 of its levels.

You collected 532 gold pieces.

Inventory:

Hand Weapons
 p - the +5 mace "Varoem" {drain, rElec}
   (You took it off a centaur on level 6 of the Dungeon)

   A truly terrible weapon, it drains the life of those it strikes.
   It insulates you from electricity.
 r - a +2 long sword of holy wrath (weapon)
 s - a cursed -2 whip
 v - a +0 blowgun
 w - a +0 dagger of freezing
 J - a cursed -3 flail
 K - a +4 falchion of venom
 N - a +0 flail of crushing
Missiles
 d - 4 throwing nets
 e - 216 stones (quivered)
 q - 59 poisoned needles
 H - 46 sling bullets
 R - 7 tomahawks
 S - 2 curare-tipped needles
Armour
 g - a +1 chain mail of fire resistance
 n - a +2 cloak (worn)
 o - a +2 hat (worn)
 x - a +0 scale mail
 z - a +1 leather armour of poison resistance
 C - a +3 leather armour (worn)
 P - a +2 helmet of intelligence
Jewellery
 c - an uncursed ring of protection from magic {unknown}
 i - a +3 amulet of reflection {unknown}
 t - an uncursed ring of resist corrosion {unknown}
 G - a cursed -3 ring of dexterity {unknown}
 V - an uncursed amulet of faith {unknown}
Wands
 B - a wand of enslavement (10)
 F - a wand of random effects (52)
 L - a wand of paralysis (11)
 M - a wand of flame (42)
 Q - a wand of scattershot (6)
Scrolls
 h - 4 scrolls of teleportation
 j - a scroll of amnesia
 l - a scroll of fog
 y - a scroll of enchant weapon
 D - a scroll of identify
 I - a scroll of magic mapping {unknown}
 O - a scroll of silence {unknown}
 T - a scroll of noise {unknown}
 U - a scroll of remove curse
Potions
 a - 2 potions of mutation
 b - a potion of agility {unknown}
 k - 3 potions of brilliance
 m - a potion of flight
 u - a potion of ambrosia {unknown}
 A - 2 potions of curing
 E - 2 potions of haste
Comestibles
 f - 19 rations


   Skills:
 - Level 3.0 Fighting
 * Level 12.8 Long Blades
 - Level 2.0 Throwing
 + Level 11.3 Dodging


You had 9 spell levels left.
You didn't know any spells.
Your spell library contained the following spells:

 Spells                   Type           Power        Failure   Level  Hunger
 Magic Dart               Conj           #...         43%         1    ##.....
 Fireball                 Conj/Fire      #.........   100%        5    ######.
 Conjure Flame            Conj/Fire      #.......     80%         3    ####...
 Slow                     Hex            #.......     56%         2    ###....
 Throw Flame              Conj/Fire      #.....       56%         2    ###....
 Mephitic Cloud           Conj/Pois/Air  #.......     80%         3    ####...
 Blink                    Tloc           N/A          56%         2    ###....
 Sticky Flame             Conj/Fire      #.......     99%         4    #####..
 Call Imp                 Summ           #.......     56%         2    ###....
 Flame Tongue             Conj/Fire      #....        43%         1    ##.....
 Inner Flame              Hex/Fire       #.......     80%         3    ####...


Dungeon Overview and Level Annotations

Branches:
Dungeon (9/15)             Temple (0/1) D:6            Lair (0/6) D:9
    Orc: D:9-12

Altars:
Ashenzari
Cheibriados
Fedhas
Okawaru
Xom
Yredelemnul
Zin
The Shining One


Message History

The yak is moderately wounded.
You barely miss the yak.
The yak is moderately wounded.
The yak completely misses you.
You hit the yak.
The yak is moderately wounded.
The yak barely misses you.
You riposte.
You slash the yak!
The yak is moderately wounded.
You hit the yak.
The yak is heavily wounded.
The yak barely misses you.
You riposte.
You slash the yak!
The yak is severely wounded.
You barely miss the yak.
The yak is severely wounded.
You hit the yak.
The yak is severely wounded.
The yak gores you!
* * * LOW HITPOINT WARNING * * *
You feel yourself speed up. The yak gores you!
You die...

#.....[.# #.......
#...... +..... #....
#... #'#### #<@YY#
######.#####
#......Z...# ########
#.......Z..# #.......
#..........###.......
#............#.......
#..........#.#.......
#..........#.Y.......
#..........###.......


You could see 2 yaks, a goblin zombie and a hobgoblin zombie.

Vanquished Creatures
  Maurice (D:8)
  A hippogriff (D:8)
  A spriggan (D:7)
  2 yaks (D:9)
  A hungry ghost (D:7)
  A water moccasin (D:8)
  The ghost of Kholdaimon the Charlatan, an amateur SpAr of Fedhas (D:3)
  An orc warrior (D:5)
  2 black bears
  An ice beast (D:7)
  2 sky beasts (D:7)
  2 ogres (D:7)
  6 centaurs
  2 crocodiles
  A big kobold (D:8)
  A bullfrog (D:8)
  6 howler monkeys
  3 crimson imps
  4 hounds
  2 quasits
  A centaur zombie (D:5)
  2 jellies
  2 orc priests
  2 orc wizards (D:8)
  Crazy Yiuf (D:4)
  Ijyb (D:3)
  A bullfrog skeleton (D:9)
  Jessica (D:3)
  5 iguanas
  4 worker ants
  A hound skeleton (D:4)
  4 adders
  2 shadow imps
  An ooze (D:2)
  3 adder skeletons
  2 worms
  3 leopard geckos
  24 orcs
  2 bats
  7 giant cockroaches
  4 goblins
  9 hobgoblins
  10 jackals
  8 frilled lizards
  A goblin zombie (D:9)
  2 hobgoblin zombies (D:9)
  A jackal skeleton (D:6)
  13 kobolds
  A kobold skeleton (D:9)
  An orc skeleton (D:9)
  An orc zombie (D:9)
  A quokka skeleton (D:6)
  3 rats
165 creatures vanquished.

Vanquished Creatures (others)
  5 dream sheep (D:5)
  A killer bee (D:7)
6 creatures vanquished.

Grand Total: 171 creatures vanquished

Notes
Turn   | Place    | Note
-------+----------+-------------------------------------------
     0 | D:1      | Kholdaimon the Merfolk Gladiator began the quest for the Orb.
     0 | D:1      | Reached XP level 1. HP: 16/16 MP: 1/1
   413 | D:1      | Reached XP level 2. HP: 22/23 MP: 2/2
   917 | D:2      | Found a glowing silver altar of Zin.
  1032 | D:2      | Found a faded altar of an unknown god.
  1087 | D:2      | Reached skill level 4 in Long Blades
  1087 | D:2      | Reached XP level 3. HP: 28/28 MP: 3/3
  1592 | D:3      | Reached XP level 4. HP: 28/34 MP: 4/4
  1755 | D:3      | Found a runed gate.
  1770 | D:3      | Reached skill level 5 in Dodging
  2003 | D:3      | Noticed Ijyb
  2019 | D:3      | Noticed Jessica
  2032 | D:3      | Killed Ijyb
  2032 | D:3      | Reached skill level 5 in Long Blades
  2032 | D:3      | Reached XP level 5. HP: 36/41 MP: 5/5
  2036 | D:3      | Killed Jessica
  2176 | D:3      | Found a runed gate.
  2176 | D:3      | Found a runed gate.
  2177 | D:3      | Noticed Kholdaimon's ghost (amateur SpAr)
  2487 | D:3      | Killed Kholdaimon's ghost
  2487 | D:3      | Reached skill level 6 in Long Blades
  2487 | D:3      | Reached XP level 6. HP: 17/47 MP: 6/6
  3134 | D:4      | Reached XP level 7. HP: 24/52 MP: 7/7
  3554 | D:4      | Found a runed door.
  3732 | D:4      | Noticed Crazy Yiuf
  3735 | D:4      | Paralysed by Crazy Yiuf for 3 turns
  3747 | D:4      | Killed Crazy Yiuf
  3747 | D:4      | Reached skill level 7 in Long Blades
  4013 | D:5      | Entered Level 5 of the Dungeon
  4013 | D:5      | Found a snail-covered altar of Cheibriados.
  4013 | D:5      | Found a basalt altar of Yredelemnul.
  4013 | D:5      | Found a blossoming altar of Fedhas.
  4038 | D:5      | Found an iron altar of Okawaru.
  4039 | D:5      | Found a shattered altar of Ashenzari.
  4047 | D:5      | Became a worshipper of Warmaster Okawaru
  4207 | D:5      | Reached skill level 8 in Long Blades
  4614 | D:5      | Found a shimmering altar of Xom.
  4614 | D:5      | Noticed a dream sheep
  4614 | D:5      | Noticed a dream sheep
  4614 | D:5      | Noticed a dream sheep
  4614 | D:5      | Noticed a dream sheep
  4614 | D:5      | Noticed a dream sheep
  4620 | D:5      | Killed a dream sheep
  4620 | D:5      | Killed a dream sheep
  4620 | D:5      | Killed a dream sheep
  4620 | D:5      | Killed a dream sheep
  4622 | D:5      | Killed a dream sheep
  4767 | D:6      | Reached * piety under Okawaru
  4767 | D:6      | Reached XP level 8. HP: 58/58 MP: 8/8
  4784 | D:6      | Found a staircase to the Ecumenical Temple.
  4867 | D:6      | Reached skill level 9 in Long Blades
  5263 | D:6      | Got an uncursed brightly glowing mace {drain}
  5362 | D:6      | Identified the +5 mace "Varoem" {drain, rElec} (You took it off a centaur on level 6 of the Dungeon)
  5397 | D:7      | You fall through a shaft for 2 floors!
  5427 | D:9      | Found a staircase to the Lair.
  5524 | D:9      | Reached skill level 10 in Long Blades
  5710 | D:8      | Reached ** piety under Okawaru
  5840 | D:7      | Reached XP level 9. HP: 33/63 MP: 9/9
  6063 | D:7      | Reached skill level 11 in Long Blades
  6314 | D:7      | Reached *** piety under Okawaru
  6314 | D:7      | Reached skill level 10 in Dodging
  6950 | D:8      | Noticed a two-headed ogre
  6950 | D:8      | Noticed a cyclops
  6950 | D:8      | Noticed a two-headed ogre
  7026 | D:8      | Noticed Maurice
  7055 | D:8      | Killed Maurice
  7055 | D:8      | Reached skill level 12 in Long Blades
  7121 | D:8      | Reached XP level 10. HP: 52/70 MP: 10/10
  7279 | D:8      | Reached **** piety under Okawaru
  7554 | D:9      | Found a glowing golden altar of the Shining One.
  7608 | D:9      | HP: 2/70 [yak (9)]
  7609 | D:9      | Mangled by a yak

Vault maps used:
D:1:      shiori_arrival_oz
D:2:      zin_statuary, chequers_ecumenical_altar_simple
D:3:      ebering_ghost_rock_garden, uniq_ijyb, uniq_jessica
D:4:      corexii_corridor_pit, grunt_ministairs_11, uniq_crazy_yiuf_cottage
D:5:      grunt_temple_overflow_open, first_ration, kb_xom_exploding_sheep
D:6:      temple_fountains
D:7:      the_bakery, st_stairs_5
D:8:      lightli_corner_chamber, uniq_maurice
D:9:      lair_entry_dummy, nicolae_tso_besieged_by_evil

Skill      XL: |  1  2  3  4  5  6  7  8  9 10 |
---------------+-------------------------------+-----
Long Blades    | 4 5 6 8 10 12 | 12.8
Fighting       | 3 |  3.0
Dodging        | 5 6 7 9 10 11 | 11.3
Throwing       | |  2.0

Action                   |  1- 3 |  4- 6 |  7- 9 | 10-12 || total
-------------------------+-------+-------+-------+-------++-------
Melee: Long sword        |   103 |   158 |   335 |    76 ||   672
Throw: Stone             |     4 |    20 |    45 |     6 ||    75
  Use: Scroll            |       |    11 |     2 |       ||    13
       Potion            |       |       |     4 |     1 ||     5
 Stab: Invisible         |       |       |     1 |       ||     1
       Sleeping          |       |       |     1 |       ||     1
  Eat: Chunk             |     2 |     5 |    14 |     1 ||    22
Armor: Leather armour    |    22 |    38 |    76 |    22 ||   158
Dodge: Dodged            |    94 |   127 |   263 |    85 ||   569
       Rpst.: Long sword |    32 |    37 |    73 |    20 ||   162

Table legend:
 A = Spawn XP
 B = Non-spawn XP
 C = Spawn XP percentage of total XP
 D = Spawn monster count
 E = Non-spawn monster count
 F = Spawn count percentage of total count
 G = Total turns spent on level
                    A         B        C        D         E        F      G
               +---------+---------+-------+---------+---------+-------+---------
         Total |       0 |    5735 |   0.0 |       0 |     166 |   0.0 |  7609
               +---------+---------+-------+---------+---------+-------+---------
           D:1 |       0 |      17 |   0.0 |       0 |      10 |   0.0 |   939
           D:2 |       0 |      50 |   0.0 |       0 |      20 |   0.0 |   716
           D:3 |       0 |     317 |   0.0 |       0 |      27 |   0.0 |  1086
           D:4 |       0 |     285 |   0.0 |       0 |      16 |   0.0 |  1272
           D:5 |       0 |     408 |   0.0 |       0 |      14 |   0.0 |   675
           D:6 |       0 |     731 |   0.0 |       0 |      18 |   0.0 |   705
           D:7 |       0 |    1754 |   0.0 |       0 |      25 |   0.0 |   908
           D:8 |       0 |    1319 |   0.0 |       0 |      20 |   0.0 |   919
           D:9 |       0 |     854 |   0.0 |       0 |      16 |   0.0 |   389
               +---------+---------+-------+---------+---------+-------+---------
